 Dungeon Sprint DCSS version 0.17-a0-2127-g1cb09f6 (webtiles) character file.

3062 Kidiri the Covert (level 9, -1/39 HPs)
             Began as a Spriggan Enchanter on Oct 22, 2015.
             Was a High Priest of Dithmenos.
             Slain by a queen bee (19 damage)
             ... in the Dungeon (Sprint III: "The Ten Rune Challenge").
             The game lasted 00:07:58 (1455 turns).

Kidiri the Covert (Spriggan Enchanter)              Turns: 1455, Time: 00:07:58

Health: -1/39      AC:  3    Str:  4    XL:     9   Next: 57%
Magic:  15/22      EV: 29    Int: 18    God:    Dithmenos [*****.]
Gold:   46         SH:  0    Dex: 18    Spells: 9 memorised, 0 levels left

rFire  . . .     SeeInvis +     a - +1 dagger
rCold  . . .     Clarity  .     b - +1 robe
rNeg   . . .     SustAt   .     (shield restricted)
rPois  .         Gourm    .     (helmet restricted)
rElec  +         Spirit   .     (no cloak)
rCorr  .         Warding  .     (gloves unavailable)
rMut   .         NoTele   +     (boots unavailable)
MR     +....                    (no amulet)
Stlth  +++++++++.               (no ring)
                                (no ring)

@: wreathed by umbra, very quick, somewhat resistant to hostile enchantments,
incredibly stealthy
A: unfitting armour, see invisible, breathe flames 1, herbivore 3, speed 3, low
mp 1, electricity resistance, slow metabolism 2
a: Shadow Step, Shadow Form, Renounce Religion, Breathe Fire


You were in the Dungeon.
You worshipped Dithmenos.
Dithmenos was extremely pleased with you.
You were not hungry.

You visited 1 branch You collected 46 gold pieces.

Inventory:

Hand Weapons
 a - a +1 dagger (weapon)
Missiles
 k - 9 throwing nets (quivered)
Armour
 b - a +1 robe (worn)
Scrolls
 j - a scroll of blinking
 o - 2 scrolls of torment
 p - a scroll of identify
 q - a scroll of enchant weapon
 s - 2 scrolls of remove curse
Potions
 e - a potion of curing
 f - a potion of heal wounds
 g - a potion of haste
 h - 2 potions of magic
 i - 2 potions of berserk rage
 m - 4 potions of flight
 n - 3 potions of might
 r - 4 potions of cure mutation
Books
 u - a book of the Sky

   Spells                             Type                      Level
   a - Summon Lightning Spire         Summoning/Air                4
   b - Airstrike                      Air                          4
   c - Silence                        Hexes/Air                    5
   d - Deflect Missiles               Charms/Air                   6
   e - Conjure Ball Lightning         Conjuration/Air              6
   f - Tornado                        Air                          9
Comestibles
 c - a royal jelly
 d - 2 bread rations


   Skills:
 * Level 9.7 Short Blades
 + Level 4.4 Armour
 * Level 12.5 Dodging
 * Level 13.8 Stealth
 * Level 10.8 Spellcasting
 + Level 4.2 Conjurations
 + Level 8.1 Hexes
 + Level 4.8 Charms
 + Level 5.9 Translocations
 + Level 4.7 Ice Magic
 + Level 3.1 Air Magic
 - Level 2.7 Invocations


You couldn't memorise any spells.
You knew the following spells:

 Your Spells              Type           Power        Failure   Level  Hunger
a - Corona                Hex            #####..      1%          1    None
b - Ensorcelled Hibernat  Hex/Ice        ####..       1%          2    None
c - Confuse               Hex            #####...     1%          3    None
d - Tukima's Dance        Hex            #####...     1%          3    None
e - Dazzling Spray        Conj/Hex       ####....     1%          3    None
f - Apportation           Tloc           ####......   1%          1    None
g - Airstrike             Air            ###.......   24%         4    ##.....
h - Deflect Missiles      Chrm/Air       ###.......   99%         6    ######.
i - Conjure Ball Lightni  Conj/Air       ###.......   100%        6    ######.


Dungeon Overview and Level Annotations

Branches:
Dungeon (1/1)

Altars:
Cheibriados
Dithmenos
Elyvilon
Fedhas
Gozag
Kikubaaqudgha
Makhleb
Nemelex Xobeh
Okawaru
Qazlal
Ru
Sif Muna
Trog
Vehumet
Xom
Yredelemnul
Zin
The Shining One
Jiyva
Lugonu


Innate Abilities, Weirdness & Mutations

You are tiny and cannot use many weapons and most armour.
You have supernaturally acute eyesight.
You are a herbivore.
You cover ground extremely quickly.
You need consume almost no food.
You can breathe flames.
Your magical capacity is low (-10% MP).
You are resistant to electric shocks.


Message History

The killer bee misses you. x2
Unknown command.
You feel sick. The killer bee barely misses you.
Things that are here:
a royal jelly; a killer bee corpse Unknown command.
The killer bee completely misses you.
There is an open door to the Hive here.
Drink which item? (? for menu, Esc to quit)
You feel better. The queen bee closely misses you.
The killer bee buzzes angrily.
The killer bee completely misses you.
Casting: Dazzling Spray
Confirm with . or Enter, or press ? or * to list all spells.
Aiming: Ensorcelled Hibernation
Press: ? - help, Shift-Dir - straight line, f/p - killer bee
Aim: a killer bee (black smoke, moderately wounded, blind, hasn't noticed you, umbra, chance to defeat MR: 69%)
The queen bee resists with significant effort.
The queen bee stings you!!
You die...

########################
#.#.#.....#.....@yy§y≈≈#
.#.##.###.#....%.#yy%y≈#
.#.##.#÷.##......#yyyy≈≈≈#
..#..##..'.......#%yyyy≈≈#
▓▓▓▓▓▓▓▓▓#.......#yyyyyy.#
#.......#.yyy.%%#
+.......#%y%..%.#
#.......#########
##+######


You could see a queen bee and 2 killer bees.

Vanquished Creatures
  Erolcha (D)
  A deep elf priest (D)
  A redback (D)
  A shadow (D)
  2 trapdoor spiders (D)
  2 hill giants (D)
  A spatial vortex (D)
  A necrophage (D)
  2 two-headed ogres (D)
  A water elemental (D)
  A scorpion (D)
  9 killer bees (D)
  A jelly (D)
  A wizard (D)
  Jessica (D)
  A necromancer (D)
  A kobold demonologist (D)
  3 humans (D)
  2 oozes (D)
  A rat (D)
34 creatures vanquished.

Vanquished Creatures (collateral kills)
  A two-headed ogre (D)
1 creature vanquished.

Vanquished Creatures (others)
  2 draconian scorchers (D)
  2 yaktaurs (D)
4 creatures vanquished.

Grand Total: 39 creatures vanquished

Notes
Turn   | Place    | Note
--------------------------------------------------------------
     0 | D        | Kidiri the Spriggan Enchanter began the quest for the Orb.
     0 | D        | Reached XP level 1. HP: 9/9 MP: 5/5
    11 | D        | Reached skill level 5 in Stealth
    11 | D        | Reached XP level 2. HP: 13/13 MP: 7/7
    28 | D        | Killed a yaktaur
    89 | D        | Noticed Jessica
   100 | D        | Killed Jessica
   100 | D        | Reached skill level 1 in Armour
   100 | D        | Reached skill level 5 in Dodging
   100 | D        | Reached skill level 6 in Stealth
   100 | D        | Reached XP level 3. HP: 8/16 MP: 4/9
   269 | D        | Noticed a scorpion
   276 | D        | Learned a level 2 spell: Ensorcelled Hibernation
   280 | D        | Learned a level 3 spell: Confuse
   284 | D        | Learned a level 3 spell: Dazzling Spray
   289 | D        | Killed a scorpion
   289 | D        | Reached skill level 7 in Stealth
   289 | D        | Reached skill level 5 in Spellcasting
   289 | D        | Reached skill level 1 in Ice Magic
   289 | D        | Reached XP level 4. HP: 21/21 MP: 10/12
   294 | D        | Learned a level 3 spell: Tukima's Dance
   298 | D        | Reached skill level 1 in Conjurations
   317 | D        | Gained mutation: You have large cloven feet. [potion of mutation]
   317 | D        | Gained mutation: You can breathe flames. [potion of mutation]
   318 | D        | Gained mutation: Your magical capacity is low (-10% MP). [potion of mutation]
   318 | D        | Gained mutation: You are resistant to electric shocks. [potion of mutation]
   318 | D        | Lost mutation: You have large cloven feet. [potion of mutation]
   337 | D        | Killed a white draconian scorcher
   341 | D        | Killed a white draconian scorcher
   456 | D        | Noticed a water elemental
   458 | D        | Killed a water elemental
   458 | D        | Reached skill level 8 in Stealth
   458 | D        | Reached skill level 5 in Hexes
   458 | D        | Reached XP level 5. HP: 24/24 MP: 13/13
   468 | D        | Noticed a jelly
   469 | D        | Noticed a shadow
   471 | D        | Killed a shadow
   471 | D        | Reached skill level 5 in Short Blades
   471 | D        | Reached skill level 9 in Stealth
   471 | D        | Reached XP level 6. HP: 28/28 MP: 13/15
   475 | D        | Killed a jelly
   503 | D        | Found a stormy altar of Qazlal.
   504 | D        | Found a sacrificial altar of Ru.
   504 | D        | Found a burning altar of Makhleb.
   504 | D        | Found a viscous altar of Jiyva.
   504 | D        | Found a shimmering altar of Xom.
   504 | D        | Found a shadowy altar of Dithmenos.
   504 | D        | Found a sparkling altar of Nemelex Xobeh.
   504 | D        | Found a corrupted altar of Lugonu.
   504 | D        | Found an opulent altar of Gozag.
   504 | D        | Noticed a spatial vortex
   508 | D        | Became a worshipper of Dithmenos the Shadowed
   514 | D        | Killed a spatial vortex
   514 | D        | Reached skill level 10 in Stealth
   514 | D        | Reached skill level 1 in Invocations
   625 | D        | Found a radiant altar of Vehumet.
   626 | D        | Found a deep blue altar of Sif Muna.
   626 | D        | Found an ancient bone altar of Kikubaaqudgha.
   626 | D        | Noticed a wizard
   627 | D        | Killed a wizard
   629 | D        | Reached XP level 7. HP: 32/32 MP: 17/17
   658 | D        | Learned a level 1 spell: Apportation
   667 | D        | Learned a level 4 spell: Airstrike
   673 | D        | Found a glowing silver altar of Zin.
   674 | D        | Found a glowing golden altar of the Shining One.
   674 | D        | Found a white marble altar of Elyvilon.
   674 | D        | Noticed a deep elf priest
   676 | D        | Killed a deep elf priest
   676 | D        | Reached * piety under Dithmenos
   676 | D        | Reached skill level 10 in Dodging
   676 | D        | Reached skill level 11 in Stealth
   710 | D        | Found an iron altar of Okawaru.
   711 | D        | Found a bloodstained altar of Trog.
   711 | D        | Noticed a human
   711 | D        | Noticed a human
   713 | D        | Killed a human
   714 | D        | Killed a human
   714 | D        | Reached XP level 8. HP: 36/36 MP: 19/19
   739 | D        | Learned a level 6 spell: Deflect Missiles
   739 | D        | Found a snail-covered altar of Cheibriados.
   739 | D        | Noticed a necrophage
   748 | D        | Killed a necrophage
   748 | D        | Reached ** piety under Dithmenos
   758 | D        | Found a basalt altar of Yredelemnul.
   758 | D        | Found a blossoming altar of Fedhas.
   758 | D        | Noticed a necromancer
   759 | D        | Killed a necromancer
   759 | D        | Reached skill level 1 in Charms
   843 | D        | Noticed a two-headed ogre
   843 | D        | Noticed a two-headed ogre
   852 | D        | Killed a two-headed ogre
   855 | D        | Killed a two-headed ogre
   855 | D        | Reached skill level 12 in Stealth
   855 | D        | Reached skill level 1 in Air Magic
   861 | D        | Noticed a two-headed ogre
   866 | D        | Killed a two-headed ogre
  1035 | D        | Noticed a hill giant
  1038 | D        | Killed a hill giant
  1038 | D        | Reached *** piety under Dithmenos
  1044 | D        | Noticed a hill giant
  1044 | D        | Noticed Erolcha
  1046 | D        | Killed Erolcha
  1046 | D        | Reached skill level 13 in Stealth
  1046 | D        | Reached skill level 10 in Spellcasting
  1046 | D        | Reached skill level 5 in Translocations
  1046 | D        | Reached XP level 9. HP: 39/39 MP: 21/21
  1047 | D        | Killed a hill giant
  1135 | D        | Noticed a redback
  1137 | D        | Killed a redback
  1162 | D        | Noticed a trapdoor spider
  1163 | D        | Noticed a trapdoor spider
  1177 | D        | Killed a trapdoor spider
  1185 | D        | Killed a trapdoor spider
  1304 | D        | Killed a yaktaur
  1310 | D        | Learned a level 6 spell: Conjure Ball Lightning
  1435 | D        | Noticed a killer bee
  1435 | D        | Noticed a killer bee
  1435 | D        | Noticed a killer bee
  1436 | D        | Noticed a killer bee
  1436 | D        | Noticed a killer bee
  1436 | D        | Noticed a killer bee
  1436 | D        | Noticed a killer bee
  1436 | D        | Noticed a killer bee
  1436 | D        | Noticed a killer bee
  1436 | D        | Noticed a killer bee
  1436 | D        | Noticed a queen bee
  1436 | D        | Noticed a killer bee
  1436 | D        | Noticed a killer bee
  1436 | D        | Noticed a killer bee
  1436 | D        | Noticed a killer bee
  1436 | D        | Noticed a killer bee
  1436 | D        | Noticed a killer bee
  1436 | D        | Noticed a killer bee
  1436 | D        | Noticed a killer bee
  1436 | D        | Noticed a killer bee
  1436 | D        | Noticed a killer bee
  1436 | D        | Noticed a killer bee
  1436 | D        | Noticed a killer bee
  1436 | D        | Noticed a killer bee
  1436 | D        | Noticed a killer bee
  1436 | D        | Noticed a killer bee
  1436 | D        | Noticed a killer bee
  1436 | D        | Noticed a killer bee
  1436 | D        | Noticed a killer bee
  1436 | D        | Noticed a killer bee
  1436 | D        | Noticed a killer bee
  1436 | D        | Noticed a killer bee
  1436 | D        | Noticed a killer bee
  1437 | D        | Killed a killer bee
  1437 | D        | Reached **** piety under Dithmenos
  1438 | D        | Killed a killer bee
  1440 | D        | Killed a killer bee
  1441 | D        | Killed a killer bee
  1443 | D        | Killed a killer bee
  1444 | D        | Killed a killer bee
  1446 | D        | Killed a killer bee
  1447 | D        | Killed a killer bee
  1447 | D        | Reached ***** piety under Dithmenos
  1448 | D        | Killed a killer bee
  1455 | D        | Slain by a queen bee

Vault maps used:
D:        dungeon_sprint_mu

Action                   |  1- 3 |  4- 6 |  7- 9 || total
-------------------------+-------+-------+-------++-------
Melee: Dagger            |     9 |     7 |    31 ||    47
 Cast: Corona            |     3 |       |       ||     3
       Dazzling Spray    |       |     5 |     5 ||    10
       Ensorcelled Hiber |       |     1 |     4 ||     5
       Tukima's Dance    |       |       |     4 ||     4
       Confuse           |       |       |     2 ||     2
Invok: Shadow Step       |       |       |     1 ||     1
  Use: Potion            |       |     2 |     1 ||     3
       Scroll            |       |     2 |       ||     2
 Stab: Sleeping          |     4 |     6 |    20 ||    30
       Confused          |       |       |     1 ||     1
       Invisible         |       |       |     1 ||     1
